 Dungeon Crawl Stone Soup version 0.19.5 (webtiles) character file.

87 Shoikan the Skirmisher (level 4, -1/41 HPs)
             Began as a Minotaur Berserker on Mar 16, 2017.
             Was a Believer of Trog.
             Killed from afar by Sigmund (10 damage)
             ... with a puff of flame
             ... on level 3 of the Dungeon.
             The game lasted 00:09:38 (1988 turns).

Shoikan the Skirmisher (Minotaur Berserker)         Turns: 1988, Time: 00:09:38

Health: -1/41      AC:  3    Str: 22    XL:     4   Next: 28%
Magic:  3/3        EV: 12    Int:  4    God:    Trog [**....]
Gold:   81         SH:  0    Dex: 10    Spells: 0 memorised, 3 levels left

rFire  . . .     SeeInvis .     r - +0 flail
rCold  . . .     Gourm    .     n - +0 robe (curse)
rNeg   . . .     Faith    .     (no shield)
rPois  .         Spirit   .     (helmet restricted)
rElec  .         Reflect  .     (no cloak)
rCorr  .         Harm     .     (no gloves)
MR     .....                    m - +0 pair of boots
Stlth  +.........               (no amulet)
                                (no ring)
                                (no ring)

@: confused, exhausted, slowed, very slow
A: retaliatory headbutt, horns 2
a: Berserk, Trog's Hand, Burn Spellbooks, Renounce Religion


You were on level 3 of the Dungeon.
You worshipped Trog.
Trog was pleased with you.
You were very hungry.

You visited 1 branch of the dungeon, and saw 3 of its levels.

You collected 81 gold pieces.

Inventory:

Hand Weapons
 a - a +0 mace
 r - a +0 flail (weapon)
Armour
 m - a +0 pair of boots (worn)
 n - a cursed +0 robe (worn)
 s - a +0 animal skin
Wands
 p - a wand of slowing (13/48)
Scrolls
 b - a scroll of enchant weapon {unknown}
 f - a scroll of fear
 q - a scroll of immolation {unknown}
Potions
 e - a potion of heal wounds
 g - 2 potions of flight
 i - a potion of resistance {unknown}
 k - a potion of agility {unknown}
 l - a potion of brilliance {unknown}
 o - 3 potions of degeneration {unknown}
Comestibles
 c - 2 bread rations
 d - a chunk of flesh
 h - a slice of pizza
 j - a meat ration


   Skills:
 + Level 4.7 Fighting
 + Level 4.2 Maces & Flails
 + Level 2.8 Armour
 + Level 2.5 Dodging
 + Level 1.5 Stealth


You had 3 spell levels left.
You didn't know any spells.

Dungeon Overview and Level Annotations

Branches:
Dungeon (3/15)

Altars:
Hepliaklqana
Okawaru

Annotations:
D:3 Sigmund


Innate Abilities, Weirdness & Mutations

You reflexively headbutt those who attack you in melee.
You have a pair of horns on your head.


Message History

* * * LOW HITPOINT WARNING * * *
You sock Sigmund! You headbutt Sigmund, but do no damage.
Sigmund is heavily wounded.
Sigmund points at you and mumbles some strange words.
You are confused.
Sigmund barely misses you.
You bump into the rock wall.
Sigmund hits you with a scythe.
* * * LOW HITPOINT WARNING * * *
You miss Sigmund.
Sigmund is heavily wounded.
Sigmund barely misses you.
You feel much better. Sigmund hits you with a scythe!
* * * LOW HITPOINT WARNING * * *
You're too confused!
You closely miss Sigmund.
Sigmund is heavily wounded.
You are feeling very hungry.
Sigmund points at you and mumbles some strange words.
The puff of flame hits you!
You die...

. .. .<. .<..
####Y....
###@@gg....
#####.).#######
#...(%###
#....##### #.##


You could see Sigmund, a sky beast and 2 gnolls.

Vanquished Creatures
  A worker ant (D:2)
  3 adders (D:2)
  An ooze (D:2)
  7 bats
  2 giant cockroaches
  4 goblins
  2 hobgoblins
  A frilled lizard (D:1)
  7 kobolds
  5 rats
33 creatures vanquished.

Notes
Turn   | Place    | Note
-------+----------+-------------------------------------------
     0 | D:1      | Shoikan the Minotaur Berserker began the quest for the Orb.
     0 | D:1      | Reached XP level 1. HP: 19/19 MP: 0/0
   524 | D:1      | Reached XP level 2. HP: 27/27 MP: 1/1
   845 | D:2      | Reached XP level 3. HP: 16/33 MP: 2/2
  1105 | D:2      | Found a hazy altar of Hepliaklqana.
  1126 | D:2      | Found an iron altar of Okawaru.
  1295 | D:2      | Reached ** piety under Trog
  1390 | D:2      | Reached skill level 1 in Stealth
  1592 | D:2      | Reached XP level 4. HP: 20/41 MP: 3/3
  1957 | D:3      | Noticed a sky beast
  1975 | D:3      | Noticed Sigmund
  1988 | D:3      | Killed from afar by Sigmund

Skill      XL: |  1  2  3 |
---------------+----------+-----
Fighting       | 4 |  4.7
Maces & Flails | 4 |  4.2
Stealth        | 1 |  1.5
Armour         | |  2.8
Dodging        | |  2.5

Action                   |  1- 3 |  4- 6 || total
-------------------------+-------+-------++-------
Melee: Mace              |    44 |       ||    44
       Headbutt          |    10 |     2 ||    12
       Flail             |    19 |    18 ||    37
Invok: Berserk           |       |     1 ||     1
  Use: Scroll            |     7 |       ||     7
       Potion            |       |     1 ||     1
 Stab: Sleeping          |     1 |       ||     1
  Eat: Chunk             |     2 |     1 ||     3
Armor: Animal skin       |     5 |       ||     5
       Robe              |    14 |     4 ||    18
Dodge: Dodged            |    47 |    10 ||    57
